 Dungeon Crawl Stone Soup version 0.30-a0-953-g5f1da4a474 (webtiles) character file.

Game seed: 11052041261258702414

1822 Jackthecabe the Covert (level 9, 0/42 HPs)
             Began as a Vine Stalker Brigand on Mar 29, 2023.
             Was an Initiate of Wu Jian.
             Slain by an orc warrior
             ... wielding a +0 flail
              (8 damage)
             ... on level 7 of the Dungeon.
             The game lasted 00:08:15 (4670 turns).

Jackthecabe the Covert (Vine Stalker Brigand)       Turns: 4670, Time: 00:08:16

Health: 0/42       AC:  8    Str: 15    XL:     9   Next: 10%
Magic:  0/10       EV: 11    Int: 11    God:    Wu Jian [......]
Gold:   292        SH:  0    Dex: 21    Spells: 8/8 levels left

rFire   . . .      SeeInvis .    H - +9 demon whip of Najahuwk {flame, rN+ Will+ Str+2}
rCold   + . .      Faith    .    (no shield)
rNeg    + . .      Spirit   +    l - +2 leather armour {rC+}
rPois   .          Reflect  .    y - +0 helmet
rElec   .          Rampage  .    c - +0 cloak
rCorr   +                        (no gloves)
Will    ++...                    B - +0 pair of boots
Stlth   +++++                    (no amulet)
HPRegen 1.07/turn                R - ring of resist corrosion
MPRegen 0.12/turn                (no ring)

@: no status effects
A: fangs 3, regeneration 1, magic shield, antimagic bite, no potion heal 2
a: Renounce Religion


You were on level 7 of the Dungeon.
You worshipped Wu Jian.
Wu Jian was noncommittal.
You visited 1 branch of the dungeon, and saw 7 of its levels.

You collected 292 gold pieces.


Innate Abilities, Weirdness & Mutations

You have razor-sharp teeth.
Your natural rate of healing is unusually fast.
When hurt, damage is shared between your health and your magic reserves.
Your bite disrupts and absorbs the magic of your enemies.
Potions cannot restore your health.


   Skills:
 - Level 1.7 Fighting
 - Level 8.0 Short Blades
 - Level 1.7 Throwing
 - Level 0.7 Dodging
 + Level 11.2 Stealth


You had 8 spell levels left.
You didn't know any spells.
Your spell library contained the following spells:

 Spells                   Type           Power      Damage    Failure   Level
 Apportation              Tloc           0%         N/A       41%         1
 Necrotise                Necr           0%         1d4       41%         1
 Slow                     Hex            0%         N/A       41%         1
 Summon Small Mammal      Summ           0%         N/A       41%         1
 Call Canine Familiar     Summ           0%         N/A       78%         3
 Confusing Touch          Hex            0%         N/A       78%         3
 Summon Guardian Golem    Hex/Summ       0%         N/A       78%         3
 Vampiric Draining        Necr           0%         2d6       78%         3

Inventory:

Hand Weapons
 a - a +2 dagger
 r - a +0 rapier
 x - a +1 dagger of holy wrath
 C - a +2 antimagic dagger
 H - the +9 demon whip of Najahuwk (weapon) {flame, rN+ Will+ Str+2}
   (You found it on level 6 of the Dungeon)

   Str:       It affects your strength (+2).
   rN:        It protects you from negative energy.
   Will:      It increases your willpower.
Missiles
 d - 29 poisoned darts (quivered)
 e - 3 curare-tipped darts {=f}
Armour
 c - a +0 cloak (worn)
 l - a +2 leather armour of cold resistance (worn)
 y - a +0 helmet (worn)
 B - a +0 pair of boots (worn)
Jewellery
 R - a ring of resist corrosion (left hand)
Wands
 z - a wand of flame (17)
 G - a wand of polymorph (8)
Scrolls
 f - 9 scrolls of identify {unknown}
 h - 3 scrolls of teleportation {unknown}
 j - a scroll of torment {unknown}
 k - 2 scrolls of enchant weapon {unknown}
 n - a scroll of silence {unknown}
 q - 2 scrolls of amnesia {unknown}
 s - 2 scrolls of fog {unknown}
 t - a scroll of noise {unknown}
 u - a scroll of butterflies {unknown}
 w - 3 scrolls of blinking {unknown}
 E - 2 scrolls of poison {unknown}
 F - a scroll of immolation {unknown}
Potions
 b - a potion of cancellation {unknown}
 g - 2 potions of heal wounds {unknown}
 i - 2 potions of mutation {unknown}
 m - 2 potions of attraction {unknown}
 o - a potion of might {unknown}
 p - 2 potions of curing {unknown}
 v - 2 potions of brilliance {unknown}
 A - 3 potions of ambrosia {unknown}
 D - a potion of berserk rage {unknown}
 I - a potion of flight {unknown}

Dungeon Overview and Level Annotations

Branches:
Dungeon (7/15)
 Temple: D:4-7

Altars:
Kikubaaqudgha
Makhleb
Sif Muna
Wu Jian
Xom
Zin
The Shining One

######### #....##..
#....##.#########.#
#....#....)@oooo..#
###
#....#..########..#
>.####....#.........
....##....#...#####.
.....'....+...#
.#####....#.#.#
.#...#....#.#.####
...#.###..#.#.....
...#.# ##.....##


You could see an orc warrior and 3 orcs.


Message History

The orc warrior closely misses you.
You whack the orc warrior! You burn the orc warrior.
You bite the orc warrior, but do no damage.
The orc warrior is moderately wounded.
The orc warrior barely misses you.
You hit the orc warrior. You burn the orc warrior.
The orc warrior is severely wounded.
The orc warrior hits you with a +0 flail.
You hit the orc warrior but do no damage.
Your bite misses the orc warrior.
The orc warrior is severely wounded.
The orc warrior barely misses you.
You closely miss the orc warrior.
The orc warrior is severely wounded.
The orc warrior hits you with a +0 flail!
You hit the orc warrior. You burn the orc warrior.
You bite the orc warrior, but do no damage.
The orc warrior is almost dead.
The orc warrior hits you with a +0 flail!
* * * LOW HITPOINT WARNING * * *
You are too injured to fight recklessly!
You are too injured to fight recklessly!
You barely miss the orc warrior.
The orc warrior is almost dead.
The orc warrior hits you with a +0 flail!
* * * LOW HITPOINT WARNING * * *
You completely miss the orc warrior.
The orc warrior is almost dead.
The orc warrior hits you with a +0 flail!
You die...

Skill      XL: |  1  2  3  4  5  6  7  8  9 |
---------------+----------------------------+-----
Short Blades   | 2 3 4 5 6 8 |  8.0
Stealth        | 5 6 7 8 10 11 | 11.2
Fighting       | |  1.7
Throwing       | |  1.7
Dodging        | |  0.7

Action                     |  1- 3 |  4- 6 |  7- 9 || total
---------------------------+-------+-------+-------++-------
  Melee: Dagger            |   106 |   172 |    78 ||   356
         Bite              |    29 |    48 |    35 ||   112
         Punch             |     2 |     2 |     3 ||     7
         Demon whip        |       |       |    55 ||    55
  Throw: Dart              |       |     5 |     5 ||    10
Ability: Lunge             |       |       |     6 ||     6
   Stab: Sleeping          |     9 |    13 |     4 ||    26
 Armour: Robe              |    22 |       |       ||    22
         Leather armour    |    11 |    66 |    43 ||   120
  Dodge: Dodged            |    52 |    81 |    52 ||   185

Levels and vault maps discovered:
D:1:      nicolae_arrival_somewhat_less_tricky_arrival, layout_rooms
D:2:      layout_basic, basic_altar
D:3:      layout_loops_ring, bloody_makhleb, lemuel_blue_sif_altar,
          dreamdust_ecumenical_altar_angels_and_demons, supply_closet_lemuel,
          uniq_robin
D:4:      layout_loops_ring, mainiacjoe_overflow_catwalk,
          kiku_gazebo_garden_becter
D:5:      layout_loops_corners, minmay_fire_ice_demons, uniq_edmund
D:6:      layout_basic, nzn_wu_jian_contemplation, kennysheep_mini
D:7:      layout_basic, amcnicky_altar_gilded, overflow_temple_1_default,
          minmay_temple_entry_junction

Notes
Turn   | Place    | Note
-------+----------+-------------------------------------------
     0 | D:1      | Jackthecabe the Vine Stalker Brigand began the quest for
                  | the Orb.
     0 | D:1      | Reached XP level 1. HP: 11/11 MP: 2/2
   152 | D:1      | Reached skill level 2 in Short Blades
   226 | D:1      | Reached skill level 5 in Stealth
   227 | D:1      | Reached XP level 2. HP: 4/15 MP: 1/3
   631 | D:1      | Reached XP level 3. HP: 15/18 MP: 4/4
   743 | D:1      | Reached skill level 3 in Short Blades
  1178 | D:2      | Gained mutation: Your natural rate of healing is unusually
                  | fast. [Vine Stalker growth]
  1178 | D:2      | Reached XP level 4. HP: 23/23 MP: 5/5
  1207 | D:2      | Found a shimmering altar of Xom.
  1588 | D:3      | Found a burning altar of Makhleb.
  1692 | D:3      | Found a shimmering blue altar of Sif Muna.
  1800 | D:3      | Found a faded altar of an unknown god.
  1923 | D:3      | Noticed Robin
  1952 | D:3      | Killed Robin
  2286 | D:4      | Reached XP level 5. HP: 26/26 MP: 6/6
  2367 | D:4      | Found a glowing golden altar of the Shining One.
  2537 | D:4      | Reached skill level 4 in Short Blades
  2537 | D:4      | Reached skill level 6 in Stealth
  2573 | D:4      | Found an ancient bone altar of Kikubaaqudgha.
  2605 | D:4      | Noticed an ogre
  2625 | D:4      | Killed an ogre
  2626 | D:4      | Reached XP level 6. HP: 22/30 MP: 1/7
  2952 | D:5      | Entered Level 5 of the Dungeon
  2988 | D:5      | HP: 2/30 [orc priest/divine providence (12)]
  3168 | D:5      | HP: 1/30 [orc priest/divine providence (10)]
  3171 | D:5      | Reached skill level 5 in Short Blades
  3294 | D:5      | Reached skill level 7 in Stealth
  3390 | D:5      | Reached XP level 7. HP: 34/34 MP: 2/8
  3443 | D:5      | Reached skill level 6 in Short Blades
  3764 | D:5      | Noticed Edmund
  3779 | D:5      | Killed Edmund
  3780 | D:5      | Reached skill level 8 in Stealth
  4037 | D:6      | Gained mutation: You have razor-sharp teeth. [Vine Stalker
                  | growth]
  4037 | D:6      | Reached XP level 8. HP: 38/38 MP: 3/9
  4088 | D:6      | Identified the +9 demon whip of Najahuwk {flame, rN+ Will+
                  | Str+2}
  4154 | D:6      | Found an ornate altar of the Wu Jian Council.
  4162 | D:6      | Became a worshipper of the Wu Jian Council
  4208 | D:6      | Reached skill level 7 in Short Blades
  4333 | D:6      | Reached skill level 9 in Stealth
  4335 | D:6      | Reached skill level 8 in Short Blades
  4385 | D:6      | Reached skill level 10 in Stealth
  4432 | D:6      | Reached XP level 9. HP: 42/42 MP: 8/10
  4453 | D:6      | Reached skill level 11 in Stealth
  4476 | D:6      | Found a glowing silver altar of Zin.
  4670 | D:7      | Slain by an orc warrior

Vanquished Creatures
  A water moccasin (D:5)
  Edmund (D:5)
  2 ice beasts (D:6)
  A sky beast (D:5)
  3 black bears (D:6)
  An ogre (D:4)
  A centaur (D:6)
  A phantom (D:6)
  A kobold brigand (D:6)
  2 scorpions
  3 wights (D:6)
  A howler monkey (D:6)
  A crimson imp (D:5)
  A hound (D:6)
  A jelly (D:5)
  An orc priest (D:5)
  An iguana (D:4)
  A sleepcap (D:6)
  3 orc wizards (D:5)
  Robin (D:3)
  6 adders
  A white imp (D:5)
  An ufetubus (D:4)
  A worm (D:4)
  2 dart slugs (D:1)
  15 orcs
  A bat (D:1)
  10 endoplasms
  A giant cockroach (D:1)
  9 goblins
  11 hobgoblins
  8 jackals
  10 ball pythons
  4 frilled lizards
  10 kobolds
  5 rats
123 creatures vanquished.

Table legend: (Time is in decaauts)
 A = Elapsed time spent in this place.
 B = Non-inter-level travel time spent in this place.
 C = Inter-level travel time spent in this place.
 D = Time resting spent in this place.
 E = Time spent auto-exploring this place.
 F = Levels seen in this place.
 G = Mean time per level.
                   A        B        C        D        E       F      G
               +--------+--------+--------+--------+--------+-----+--------+
         Total |   4596 |   4424 |    172 |    167 |   3236 |   7 |  656.6 |
       Dungeon |   4596 |   4424 |    172 |    167 |   3236 |   7 |  656.6 |
               +--------+--------+--------+--------+--------+-----+--------+

Top non-repeatable levels by time:
     D:5: 1037 daAuts
     D:1: 919 daAuts
     D:4: 719 daAuts
     D:3: 699 daAuts
     D:2: 576 daAuts
     D:6: 568 daAuts
     D:7: 75 daAuts

Table legend:
 A = Non-vault XP
 B = Vault XP
 C = Vault XP percentage of total XP
 D = Non-vault monster count
 E = Vault monster count
 F = Vault count percentage of total count
                 A         B        C        D         E       F
            +---------+---------+-------+---------+---------+-------
      Total |    2367 |     236 |   9.1 |     111 |      12 |   9.8
            +---------+---------+-------+---------+---------+-------
        D:1 |      56 |       0 |   0.0 |      29 |       0 |   0.0
        D:2 |      50 |       0 |   0.0 |      17 |       0 |   0.0
        D:3 |      26 |      29 |  52.7 |       8 |       9 |  52.9
        D:4 |     209 |       0 |   0.0 |      16 |       0 |   0.0
        D:5 |     601 |     207 |  25.6 |      20 |       3 |  13.0
        D:6 |    1422 |       0 |   0.0 |      20 |       0 |   0.0
        D:7 |       3 |       0 |   0.0 |       1 |       0 |   0.0
            +---------+---------+-------+---------+---------+-------
